 Dungeon Crawl Stone Soup version 0.28.0-45-g0d030f2227 (webtiles) character file.

Game seed: 2779003269750453216

19 Icepheonix32 the Skirmisher (level 2, -1/24 HPs)
             Began as a Demonspawn Fighter on Apr 10, 2022.
             Succumbed to a kobold's poison
             ... on level 1 of the Dungeon.
             The game lasted 00:00:34 (772 turns).

Icepheonix32 the Skirmisher (Demonspawn Fighter)     Turns: 772, Time: 00:00:34

Health: -1/24      AC:  6    Str: 14 (16) XL:     2   Next: 55%
Magic:  2/2        EV:  8    Int:  8 (9)  God:
Gold:   22         SH:  4    Dex: 11 (12) Spells: 1/1 levels left

rFire   . . .      SeeInvis .   a - +0 long sword
rCold   . . .      Faith    .   c - +0 buckler
rNeg    . . .      Spirit   .   b - +0 scale mail
rPois   .          Reflect  .   (helmet restricted)
rElec   .          Harm     .   (no cloak)
rCorr   .          Rampage  .   (no gloves)
Will    .....                   (no boots)
Stlth   ..........              (no amulet)
HPRegen 0.08/turn               (no ring)
MPRegen 0.08/turn               (no ring)

@: lethally poisoned (-1 -> -9)
A: antennae 1
a: no special abilities


You were on level 1 of the Dungeon.
You visited 1 branch of the dungeon, and saw 1 of its levels.

You collected 22 gold pieces.

Inventory:

Hand Weapons
 a - a +0 long sword (weapon)
Armour
 b - a +0 scale mail (worn)
 c - a +0 buckler (worn)
Scrolls
 f - a scroll of immolation {unknown}
 g - a scroll of enchant weapon {unknown}
 h - a scroll of vulnerability {unknown}
 i - a scroll of magic mapping {unknown}
 j - a scroll of identify {unknown}
Potions
 d - a potion of might


   Skills:
 + Level 3.1 Fighting
 - Level 2.2 Long Blades
 + Level 3.0 Armour
 + Level 2.8 Shields


You had one spell level left.
You didn't know any spells.
Your spell library was empty.

Dungeon Overview and Level Annotations

Branches:
Dungeon (1/15)

Altars:


Innate Abilities, Weirdness & Mutations

You have a pair of small antennae on your head.


Message History

You slash the kobold!
You kill the kobold!
You feel very sick.
The bat hits you but does no damage. x2; The frilled lizard bites you.
The bat hits you but does no damage.
You are too injured to fight recklessly!
You are too injured to fight recklessly!
You are too injured to fight recklessly!
You are too injured to fight recklessly!
You are too injured to fight recklessly!
You are too injured to fight recklessly!
You are too injured to fight recklessly!
You are too injured to fight recklessly!
You are too injured to fight recklessly!
You are too injured to fight recklessly!
You are too injured to fight recklessly!
You are too injured to fight recklessly!
You are too injured to fight recklessly!
You are too injured to fight recklessly!
You are too injured to fight recklessly!
You are too injured to fight recklessly!
You are too injured to fight recklessly!
You are too injured to fight recklessly!
Unknown command.
It was a potion of degeneration.
There was something very wrong with that liquid.
You feel weakened.
You feel dopey.
You feel clumsy.
* * * LOW HITPOINT WARNING * * *
You feel very sick. The bat hits you but does no damage.
The frilled lizard barely misses you.
Unknown command.
You barely miss the frilled lizard.
* * * LOW HITPOINT WARNING * * *
You feel very sick. The bat barely misses you.
The bat hits you but does no damage.
The frilled lizard bites you but does no damage.
The bat closely misses you.
The frilled lizard bites you but does no damage.
You closely miss the bat.
You die...

####### ......#
(####.# #####.# ##
....... { .#
######.##########.#
#.....†...$..###
#####.)........#
#####.###.##@l#.##
#..... #...b....# #
#.###.###.##..#..#
# #.# #...###..#..#
## #.# ##.## #..#
.# .####.## #.#
#..# #
.....).####.# #.##
.###........# #.#
.# #...####.###


You could see a bat and a frilled lizard.

Vanquished Creatures
  A ball python (D:1)
  2 endoplasms (D:1)
  3 goblins (D:1)
  A hobgoblin (D:1)
  2 jackals (D:1)
  A quokka (D:1)
  2 bats (D:1)
  3 kobolds (D:1)
  3 rats (D:1)
18 creatures vanquished.

Notes
Turn   | Place    | Note
-------+----------+-------------------------------------------
     0 | D:1      | Icepheonix32 the Demonspawn Fighter began the quest for the
                  | Orb.
     0 | D:1      | Reached XP level 1. HP: 18/18 MP: 1/1
   427 | D:1      | Gained mutation: You have a pair of small antennae on your
                  | head. [demonic ancestry]
   427 | D:1      | Reached XP level 2. HP: 24/24 MP: 2/2
   680 | D:1      | Found a faded altar of an unknown god.
   772 | D:1      | Succumbed to a kobold's poison

Illustrated notes

Levels and vault maps discovered:
D:1:      tarquinn_simple_flora_water_b, layout_loops_ring,
          dilly_ecumenical_altar_fadedgnrine

Skill      XL: |  1  2 |
---------------+-------+-----
Long Blades    | 2 |  2.2
Armour         | 3 |  3.0
Fighting       | |  3.1
Shields        | |  2.8

Action                   || total
-------------------------++-------
Melee: Long sword        ||    57
  Use: Potion            ||     1
Armor: Scale mail        ||    35
Dodge: Dodged            ||    27
Block: Buckler           ||    14
